 Dungeon Crawl Stone Soup version 0.31.0-11-ge490571c62 (webtiles) character file.

Game seed: 7008933347580427047

98 qw the Shooter (level 4, -7/22 HPs)
             Began as a Spriggan Hunter on Feb 4, 2024.
             Mangled by a gnoll
             ... wielding a +0 halberd of venom
              (9 damage)
             ... on level 3 of the Dungeon.
             The game lasted 00:00:06 (1652 turns).

qw the Shooter (Spriggan Hunter)                    Turns: 1652, Time: 00:00:07

Health: -7/22      AC:  2    Str:  7    XL:     4   Next: 43%
Magic:  5/5        EV: 19    Int: 10    God:
Gold:   51         SH:  0    Dex: 20    Spells: 3/3 levels left

rFire   . . .        a - +0 shortbow
rCold   . . .        (shield currently unavailable)
rNeg    + . .        c - +0 robe
rPois   .            (helmet restricted)
rElec   .            (no cloak)
rCorr   .            (gloves unavailable)
SInv    +            (boots unavailable)
Will    .....        (no amulet)
Stlth   ++           f - ring of positive energy
HPRegen 0.23/turn    (no ring)
MPRegen 0.09/turn

%: no passive effects
@: very quick
A: very small, no large weapons, unfitting armour, see invisible, speed 3,
antennae 1, subdued magic 1
a: no special abilities


You were on level 3 of the Dungeon.
You visited 1 branch of the dungeon, and saw 3 of its levels.

You collected 51 gold pieces.


Innate Abilities, Weirdness & Mutations

You are very small and have problems with some larger weapons.
You are too small for most types of armour.
You have supernaturally acute eyesight. (SInv)
You cover ground extremely quickly. (Speed+++)
You have a pair of small antennae on your head.
Your spells are a little easier to cast, but a little less powerful.


   Skills:
 - Level 1.5 Fighting
 - Level 5.2 Ranged Weapons
 + Level 4.5 Dodging
 - Level 1.5 Stealth


You had 3 spell levels left.
You didn't know any spells.
Your spell library was empty.

Inventory:

Hand Weapons
 a - a +0 shortbow (weapon)
Armour
 c - a +0 robe (worn)
Jewellery
 f - a ring of positive energy (left hand)
Potions
 b - a potion of attraction {unknown}
 d - a potion of degeneration {unknown}
 e - a potion of haste {unknown}

Dungeon Overview and Level Annotations

Branches:
Dungeon (3/15)

Altars:
Kikubaaqudgha


Message History

The gnoll hits you with a +0 whip.
You shoot an arrow. The arrow hits the gnoll.
You kill the gnoll!
The bat closely misses you.
You shoot an arrow. The arrow barely misses the gnoll.
The bat closely misses you. The bat misses you. The bat closely misses you.
The gnoll closely misses you.
You shoot an arrow. The arrow barely misses the gnoll.
The bat closely misses you. The gnoll closely misses you.
You shoot an arrow. The arrow barely misses the gnoll.
The bat hits you. The gnoll closely misses you.
You shoot an arrow. The arrow closely misses the gnoll.
The bat completely misses you. The gnoll closely misses you.
A gnoll comes into view. It is wielding a +0 halberd of venom.
The gnoll hits you with a +0 flail!
You shoot an arrow. The gnoll shouts!
The arrow hits the gnoll.
The gnoll is lightly wounded.
The bat misses you. The gnoll completely misses you.
You shoot an arrow. The arrow hits the gnoll.
The gnoll is heavily wounded.
The bat completely misses you. The gnoll misses you.
You shoot an arrow. The arrow hits the gnoll.
The gnoll is almost dead.
The bat misses you. The gnoll completely misses you. x2
You shoot an arrow. The arrow hits the gnoll!
You kill the gnoll!
The bat hits you but does no damage. The bat misses you. x2
A gnoll comes into view. It is wielding a +0 flail.
The gnoll closely misses you.
You shoot an arrow. The gnoll shouts!
The arrow hits the bat.
The bat is heavily wounded.
The bat completely misses you. x2; The gnoll closely misses you.
You shoot an arrow. The arrow hits the bat.
You kill the bat!
The gnoll hits you from afar with a +0 halberd of venom!
You die...

...<. #...#
..... #g..
#... #.###..#
#...g).#
#.###@###.#
#.......>.#
#####.#####
#......#
#..###.#
#..###.#######
#.............
#...##.#######
##...##.#


You could see 2 gnolls.

Vanquished Creatures
  An orc wizard (D:3)
  2 gnolls (D:3)
  3 dart slugs
  2 ribbon worms (D:2)
  4 orcs (D:3)
  4 ball pythons (D:1)
  An endoplasm (D:2)
  A giant cockroach (D:1)
  3 goblins
  3 hobgoblins
  A quokka (D:1)
  8 bats
  3 frilled lizards (D:1)
  2 kobolds (D:1)
  5 rats
43 creatures vanquished.

Notes
Turn   | Place    | Note
-------+----------+-------------------------------------------
     0 | D:1      | qw the Spriggan Hunter began the quest for the Orb.
     0 | D:1      | Reached XP level 1. HP: 10/10 MP: 2/2
     0 | D:1      | 0 ||| qw: Version: 0.3-a-160-g6735b56
     0 | D:1      | 0 ||| qw: Game counter: 5460
     0 | D:1      | 0 ||| qw: Melee chars always use a shield: true
     0 | D:1      | 0 ||| qw: God list: Okawaru
     0 | D:1      | 0 ||| qw: Allow faded altars: false
     0 | D:1      | 0 ||| qw: Do Orc after clearing Dungeon:15 true
     0 | D:1      | 0 ||| qw: Do second Lair branch before Depths: true
     0 | D:1      | 0 ||| qw: Lair rune preference: random
     0 | D:1      | 0 ||| qw: Goals: Normal
     0 | D:1      | 0 ||| PLANNING D:1-11
    45 | D:1      | Reached skill level 3 in Dodging
   189 | D:1      | HP: 2/10 [kobold/+0 dagger of flaming (1)]
   192 | D:1      | Reached XP level 2. HP: 4/14 MP: 3/3
   552 | D:1      | 552 ||| UPGRADING to ring of positive energy.
   553 | D:1      | 553 ||| READING scroll labelled BOWIFIT MOCSU.
   556 | D:1      | 556 ||| DRINKING 2 emerald potions.
   556 | D:1      | Gained mutation: You sometimes lose your temper in combat.
                  | [potion of mutation]
   556 | D:1      | Gained mutation: You are vulnerable to heat. (rF-) [potion
                  | of mutation]
   556 | D:1      | Gained mutation: You have a pair of small antennae on your
                  | head. [potion of mutation]
   557 | D:1      | 557 ||| DRINKING potion of mutation.
   557 | D:1      | Lost mutation: You sometimes lose your temper in combat.
                  | [potion of mutation]
   557 | D:1      | Lost mutation: You are vulnerable to heat. (rF-) [potion of
                  | mutation]
   557 | D:1      | Gained mutation: Your spells are a little easier to cast,
                  | but a little less powerful. [potion of mutation]
   558 | D:1      | 558 ||| DROPPING scroll of butterflies.
   630 | D:2      | Found an ancient bone altar of Kikubaaqudgha.
   669 | D:2      | Reached XP level 3. HP: 18/18 MP: 4/4
  1557 | D:3      | Reached skill level 5 in Ranged Weapons
  1557 | D:3      | Reached XP level 4. HP: 11/22 MP: 5/5
  1646 | D:3      | HP: 1/22 [gnoll/+0 flail (7)]
  1652 | D:3      | Mangled by a gnoll

Levels and vault maps discovered:
D:1:      dpeg_arrival_orchard, layout_basic
D:2:      layout_basic, basic_altar
D:3:      layout_loops_corners, vehumet_crystals, mainiacjoe_overflow_brackets,
          hangedman_ru_absence, uniq_jessica

Skill      XL: |  1  2  3 |
---------------+----------+-----
Dodging        | 3 4 |  4.5
Ranged Weapons | 5 |  5.2
Fighting       | |  1.5
Stealth        | |  1.5

Action                     |  1- 3 |  4- 6 || total
---------------------------+-------+-------++-------
   Fire: Shortbow          |    80 |    28 ||   108
    Use: Potion            |     2 |       ||     2
         Scroll            |     1 |       ||     1
 Armour: Robe              |     9 |     8 ||    17
  Dodge: Dodged            |    21 |    40 ||    61

Table legend:
 A = Non-vault XP
 B = Vault XP
 C = Vault XP percentage of total XP
 D = Non-vault monster count
 E = Vault monster count
 F = Vault count percentage of total count
                 A         B        C        D         E       F
            +---------+---------+-------+---------+---------+-------
      Total |     142 |       0 |   0.0 |      43 |       0 |   0.0
            +---------+---------+-------+---------+---------+-------
        D:1 |      38 |       0 |   0.0 |      23 |       0 |   0.0
        D:2 |      22 |       0 |   0.0 |      10 |       0 |   0.0
        D:3 |      82 |       0 |   0.0 |      10 |       0 |   0.0
            +---------+---------+-------+---------+---------+-------
